 Dungeon Crawl Stone Soup version 0.32-a0-616-g9348d4545b (webtiles) character file.

Game seed: 6081472146224401668

47321 zenocrate the Thaumaturge (level 14, -15/110 (113) HPs)
             Began as a Gnoll Earth Elementalist on Mar 4, 2024.
             Was a Priest of Ashenzari.
             Demolished by an orc warlord
             ... wielding a +0 dire flail
              (38 damage)
             ... on level 1 of the Orcish Mines on Mar 5, 2024.
             The game lasted 00:46:03 (24368 turns).

zenocrate the Thaumaturge (GnEE)                   Turns: 24368, Time: 00:46:04

HP:   -15/110 (113) AC: 19    Str: 12    XL:     14   Next: 41%
MP:   12/30         EV: 15    Int: 21    God:    Ashenzari [***...]
Gold: 892           SH:  7    Dex: 14    Spells: 0/37 levels left

rFire   + . .        b - staff of earth
rCold   . . .        g - +0 buckler
rNeg    . . .        o - +0 acid dragon scales
rPois   +            N - +3 hat "Shattered Negligence" {Int+3, Elem, Dev} (curse)
rElec   +            i - +0 cloak of Ashenzari's Apathy {Comp, Elem} (curse)
rCorr   +            f - +1 pair of gloves of Apeoromancy {Dev, Self} (curse)
SInv    +            M - +2 pair of boots of Ashenzari's Comet {Comp, Sorc} (curse)
Will    +....        (no amulet)
Stlth   ++++         C - ring of Ashenzari's Maltheism {Wiz rElec Str+4, Elem, Fort} (curse)
HPRegen 0.38/turn    Q - ring of protection from fire
MPRegen 0.22/turn

%: clarity, wizardry (x1)
@: forested, lightly drained
A: fangs 1, strong nose, distributed training, poison resistance, electricity
resistance, wild magic 1
a: Renounce Religion, Curse Item, Shatter the Chains


You were on level 1 of the Orcish Mines.
You worshipped Ashenzari.
Ashenzari was most pleased with you.
You visited 4 branches of the dungeon, and saw 18 of its levels.
You also visited: Ossuary.

You collected 1144 gold pieces.
You spent 252 gold pieces at shops.

Inventory:

Hand Weapons
 a - a +3 morningstar
Armour
 f - the cursed +1 pair of gloves of Apeoromancy (worn) {Dev, Self}
   (You found it on level 1 of the Dungeon)

   It has a curse which improves the following skills: Devices: Evocations and
   Shapeshifting.
   Introspection: Fighting and Spellcasting.
 g - a +0 buckler (worn)
 i - the cursed +0 cloak of Ashenzari's Apathy (worn) {Comp, Elem}
   (You found it on level 1 of the Dungeon)

   It has a curse which improves the following skills: Companions: Summonings
   and Necromancy.
   Elements:  Fire Magic, Ice Magic, Air Magic and Earth Magic.
 o - +0 acid dragon scales (worn)
 M - the cursed +2 pair of boots of Ashenzari's Comet (worn) {Comp, Sorc}
   (You found it on level 7 of the Dungeon)

   It has a curse which improves the following skills: Companions: Summonings
   and Necromancy.
   Sorcery:   Conjurations and Alchemy.
 N - the cursed +3 hat "Shattered Negligence" (worn) {Int+3, Elem, Dev}
   (You found it on level 10 of the Dungeon)

   Int+3:     It affects your intelligence (+3).
   It has a curse which improves the following skills: Elements: Fire Magic, Ice
   Magic, Air Magic and Earth Magic.
   Devices:   Evocations and Shapeshifting.
Magical Staves
 b - a staff of earth (weapon)
Jewellery
 s - a ring of fire
 x - a ring of protection from cold
 C - the cursed ring of Ashenzari's Maltheism (left hand) {Wiz rElec Str+4, Elem, Fort}
   (You found it on level 5 of the Dungeon)

   [ring of wizardry]

   Wiz:       It improves your spell success rate.
   Str+4:     It affects your strength (+4).
   rElec:     It insulates you from electricity.
   It has a curse which improves the following skills: Elements: Fire Magic, Ice
   Magic, Air Magic and Earth Magic.
   Fortitude: Armour and Shields.
 Q - a ring of protection from fire (right hand)
 S - a ring of protection from cold
Wands
 d - a wand of digging (1)
 u - a wand of polymorph (3)
 A - a wand of flame (71) (quivered)
 I - a wand of charming (44)
 K - a wand of mindburst (13)
 R - a wand of light (6)
Scrolls
 l - 2 scrolls of poison
 m - a scroll of enchant weapon
 p - 3 scrolls of fear
 r - 3 scrolls of vulnerability
 t - 6 scrolls of immolation
 y - 2 scrolls of blinking
 D - 5 scrolls of teleportation
 E - 2 scrolls of fog
Potions
 c - 9 potions of attraction
 e - 6 potions of curing
 h - 7 potions of brilliance
 k - a potion of lignification
 n - 3 potions of magic
 q - a potion of invisibility
 v - 6 potions of heal wounds
 B - 5 potions of might
 F - 2 potions of ambrosia
 O - 3 potions of enlightenment


   Skills:
 + Level 9.5(11.0) Fighting
 + Level 9.5 Short Blades
 + Level 9.5 Long Blades
 + Level 9.5 Axes
 + Level 9.5 Maces & Flails
 + Level 9.5 Polearms
 + Level 9.5 Staves
 + Level 9.5 Ranged Weapons
 + Level 9.5 Throwing
 + Level 9.5(11.0) Armour
 + Level 10.6 Dodging
 + Level 10.4 Stealth
 + Level 9.5(11.0) Shields
 + Level 9.5 Unarmed Combat
 + Level 10.8(12.2) Spellcasting
 + Level 8.3(9.8) Conjurations
 + Level 8.0 Hexes
 + Level 8.0(10.2) Summonings
 + Level 8.0(10.2) Necromancy
 + Level 8.0 Translocations
 + Level 8.0(11.0) Fire Magic
 + Level 8.0(11.0) Ice Magic
 + Level 8.0(11.0) Air Magic
 + Level 9.7(12.7) Earth Magic
 + Level 8.0(9.5) Alchemy
 + Level 10.4 Invocations
 + Level 9.5(11.7) Evocations
 + Level 8.7(11.0) Shapeshifting


You couldn't memorise any spells.
You knew the following spells:

 Your Spells              Type           Power      Damage    Failure   Level
a - Stone Arrow           Conj/Erth      100%       3d13      1%          3
b - Conjure Ball Lightni  Conj/Air       32%        3x3d10    11%         6
c - Ignition              Fire           33%        3d10      94%         8
d - Summon Forest         Summ/Tloc      30%        N/A       3%          5
e - Yara's Violent Unrav  Hex/Alch       29%        3d12      4%          5
m - Apportation           Tloc           100%       N/A       1%          1
x - Blink                 Tloc           100%       N/A       1%          2
y - Swiftness             Air            67%        N/A       1%          3
z - Passage of Golubria   Tloc           57%        N/A       2%          4

Your spell library contained the following spells:

 Spells                   Type           Power      Damage    Failure   Level
 Freeze                   Ice            100%       1d10      1%          1
 Magic Dart               Conj           100%       1d8       1%          1
 Necrotise                Necr           100%       1d9       1%          1
 Sandblast                Erth           100%       2d20      1%          1
 Slow                     Hex            100%       N/A       1%          1
 Sting                    Conj/Alch      100%       1d9       1%          1
 Summon Small Mammal      Summ           100%       N/A       1%          1
 Call Imp                 Summ           100%       N/A       1%          2
 Ensorcelled Hibernation  Hex/Ice        100%       N/A       1%          2
 Lesser Beckoning         Tloc           100%       N/A       1%          2
 Mercury Vapours          Alch/Air       100%       N/A       1%          2
 Searing Ray              Conj           100%       2d8       1%          2
 Call Canine Familiar     Summ           64%        N/A       1%          3
 Confusing Touch          Hex            57%        N/A       1%          3
 Frozen Ramparts          Ice            100%       1d16      1%          3
 Gell's Gravitas          Tloc           57%        N/A       1%          3
 Hailstorm                Conj/Ice       65%        3d12      1%          3
 Inner Flame              Hex/Fire       62%        N/A       1%          3
 Passwall                 Erth           92%        N/A       1%          3
 Sigil of Binding         Hex            57%        N/A       1%          3
 Teleport Other           Tloc           57%        N/A       1%          3
 Tukima's Dance           Hex            57%        N/A       1%          3
 Vampiric Draining        Necr           64%        2d10      1%          3
 Brom's Barrelling Bould  Conj/Erth      87%        2d10      1%          4
 Fulminant Prism          Conj/Alch      31%        3d15      1%          4
 Olgreb's Toxic Radiance  Alch           62%        N/A       1%          4
 Petrify                  Alch/Erth      86%        N/A       1%          4
 Summon Blazeheart Golem  Fire/Summ      66%        N/A       1%          4
 Dimensional Bullseye     Hex/Tloc       28%        N/A       2%          4
 Irradiate                Conj/Alch      31%        3d22      2%          5
 Silence                  Hex/Air        31%        N/A       3%          5
 Eringya's Noxious Bog    Alch           31%        4d6       14%         6
 Summon Hydra             Summ           32%        N/A       45%         7
 Lehudib's Crystal Spear  Conj/Erth      43%        10d11     92%         8
 Discord                  Hex            28%        N/A       100%        8
 Disjunction              Tloc           28%        N/A       100%        8


Dungeon Overview and Level Annotations

Branches:
Dungeon (10/15)            Temple (1/1) D:5            Lair (5/5) D:10
 Shoals (0/4) Lair:3       Spider (0/4) Lair:3        Slime (0/5) Lair:4
    Orc (2/2) D:9             Elf (0/3) Orc:2       Ossuary (visited)

Altars:
Ashenzari
Cheibriados
Dithmenos
Elyvilon
Fedhas
Gozag
Hepliaklqana
Kikubaaqudgha
Makhleb
Nemelex Xobeh
Okawaru
Qazlal
Ru
Sif Muna
Trog
Uskayaw
Vehumet
Wu Jian
Xom
Yredelemnul
Zin
The Shining One
Beogh

Shops:
D:7 (   D:10 (

Annotations:
Orc:1 1 transporter


Innate Abilities, Weirdness & Mutations

You have very sharp teeth.
Your uncanny sense of smell can sniff out nearby items.
Your experience applies equally to all skills.
Your system is resistant to poisons. (rPois)
You are resistant to electric shocks. (rElec)
Your spells are a little harder to cast, but a little more powerful.


Message History

The blast of lightning engulfs the orc warlord!!
The orc warlord is moderately wounded.
Casting: Blink (safe; 1% risk of failure)
Confirm with . or Enter, or press ? or * to list all spells.
You create some ball lightning! 3 ball lightnings come into view.
You block the orc sorcerer's attack.
The orc warlord hits you but does no damage.
Unknown command.
Casting: Conjure Ball Lightning (dangerous; 11% risk of failure)
Confirm with . or Enter, or press ? or * to list all spells.
Okay, then.
As you read the scroll of fear, it crumbles to dust.
You assume a fearsome visage.
The orc sorcerer looks frightened!
The orc warlord resists with some effort.
You feel ready to blink again.
Your ball lightning explodes!
The blast of lightning engulfs your ball lightning.
Your ball lightning completely resists.
The blast of lightning engulfs the orc warlord!
The orc warlord is moderately wounded.
The blast of lightning engulfs you. You resist.
* * * LOW HITPOINT WARNING * * *
The blast of lightning engulfs your ball lightning.
Your ball lightning completely resists.
The blast of lightning engulfs the orc sorcerer!!
You kill the orc sorcerer!
Your ball lightning explodes!
The blast of lightning engulfs the orc warlord!
The orc warlord is heavily wounded.
The blast of lightning engulfs you. You resist.
* * * LOW HITPOINT WARNING * * *
The blast of lightning engulfs your ball lightning.
Your ball lightning completely resists.
Your ball lightning explodes!
The blast of lightning engulfs you. You resist.
* * * LOW HITPOINT WARNING * * *
The blast of lightning engulfs the orc warlord!
The orc warlord is severely wounded.
The orc warlord hits you with a +0 dire flail!!!
You die...

##########################
##.#.##.#.##.##...#.##....##
#...............@..........#
##........#....)o..........##
.#.#.........#.)รท...........#
..............)><..^.......####
...#...#......................##
.........................#.....#
..............................##
#.#..........................##
##.....................#....#.##


You could see an orc warlord (strong).

Vanquished Creatures
  Rupert (Lair:3)
  An orc warlord (Orc:2)
  Snorg (D:10)
  2 fire dragons (Lair:5)
  4 hydras
  A centaur warrior (D:8)
  2 two-headed ogres (D:9)
  2 skysharks
  2 lindwurms (Lair:5)
  2 deep elf pyromancers (D:10)
  3 orc sorcerers
  3 oklob plants (Lair:4)
  6 elephants
  2 molten gargoyles (Lair:5)
  5 black mambas
  A torpor snail (Lair:4)
  9 cane toads
  3 rime drakes
  12 komodo dragons
  A troll (D:9)
  A polar bear (Lair:2)
  2 hornets
  9 blink frogs
  12 dream sheep
  3 culicivoras (Lair:3)
  A wraith (D:10)
  39 yaks
  5 wyverns
  4 wargs
  A human (D:9)
  4 basilisks
  4 vampire mosquitoes (D:6)
  Edmund (D:5)
  9 steam dragons
  2 acid dragons (D:9)
  Duvessa (D:7)
  4 hell hounds (Lair:5)
  11 water moccasins
  A swamp drake (D:10)
  An ice beast (D:7)
  12 orc warriors
  A sky beast (D:8)
  3 black bears
  7 wolves
  2 centaurs
  4 ogres
  A phantom (D:5)
  A gnoll sergeant (D:10)
  10 bullfrogs
  3 scorpions
  9 wights
  Dowan (D:7)
  9 killer bees (D:9)
  3 howler monkeys (D:8)
  A crimson imp (D:10)
  7 bullfrog zombies (Ossuary)
  3 hounds
  5 lava snakes (Lair:5)
  An iron imp (D:10)
  A bombardier beetle (D:4)
  12 orc priests
  8 mummies (Ossuary)
  Ijyb (D:5)
  4 hell rats (Lair:4)
  18 orc wizards
  A sleepcap (D:6)
  Natasha (thrice) (D:4)
  4 iguanas
  A killer bee zombie (Ossuary)
  3 crocodile zombies (Ossuary)
  4 hound zombies (Ossuary)
  Robin (D:4)
  4 howler monkey zombies (Ossuary)
  4 gnolls (D:10)
  6 adders
  A shadow imp (D:10)
  2 white imps
  3 ribbon worms
  65 orcs
  3 bats
  4 endoplasms
  4 giant cockroaches
  13 goblins
  13 hobgoblins
  2 jackals (D:3)
  11 kobolds
  6 quokkas
  8 ball pythons
  6 ball python zombies (Ossuary)
  2 frilled lizards
  3 rats
482 creatures vanquished.

Vanquished Creatures (collateral kills)
  An orc (Orc:2)
1 creature vanquished.

Vanquished Creatures (others)
  63 ball lightnings
63 creatures vanquished.

Grand Total: 546 creatures vanquished

Notes
Turn   | Place    | Note
-------+----------+-------------------------------------------
     0 | D:1      | zenocrate the Gnoll Earth Elementalist began the quest for
                  | the Orb.
     0 | D:1      | Reached XP level 1. HP: 13/13 MP: 6/6
   177 | D:1      | Reached XP level 2. HP: 19/19 MP: 5/7
   833 | D:2      | Reached skill level 5 in Spellcasting
   833 | D:2      | Reached XP level 3. HP: 20/25 MP: 6/9
  1363 | D:2      | Reached skill level 1 in Invocations
  1641 | D:2      | Reached skill level 1 in Fighting
  1641 | D:2      | Reached skill level 1 in Short Blades
  1641 | D:2      | Reached skill level 1 in Long Blades
  1641 | D:2      | Reached skill level 1 in Axes
  1641 | D:2      | Reached skill level 1 in Maces & Flails
  1641 | D:2      | Reached skill level 1 in Polearms
  1641 | D:2      | Reached skill level 1 in Staves
  1641 | D:2      | Reached skill level 1 in Ranged Weapons
  1641 | D:2      | Reached skill level 1 in Throwing
  1641 | D:2      | Reached skill level 1 in Armour
  1641 | D:2      | Reached skill level 1 in Shields
  1641 | D:2      | Reached skill level 1 in Unarmed Combat
  1641 | D:2      | Reached skill level 1 in Evocations
  1676 | D:2      | Identified the +0 scale mail "Fifeshi" {Will- Regen+ Dex+2}
  1755 | D:2      | Learned a level 3 spell: Stone Arrow
  1856 | D:3      | Reached skill level 1 in Shapeshifting
  1856 | D:3      | Reached XP level 4. HP: 27/32 MP: 4/11
  1937 | D:3      | Found an opulent altar of Gozag.
  2154 | D:3      | Found a glowing silver altar of Zin.
  2235 | D:3      | Reached skill level 1 in Hexes
  2235 | D:3      | Reached skill level 1 in Summonings
  2235 | D:3      | Reached skill level 1 in Necromancy
  2235 | D:3      | Reached skill level 1 in Translocations
  2235 | D:3      | Reached skill level 1 in Fire Magic
  2235 | D:3      | Reached skill level 1 in Ice Magic
  2235 | D:3      | Reached skill level 1 in Air Magic
  2235 | D:3      | Reached skill level 1 in Alchemy
  2330 | D:3      | Found a hide-covered altar of Uskayaw.
  2480 | D:3      | Found a radiant altar of Vehumet.
  2481 | D:3      | Found a sparkling altar of Nemelex Xobeh.
  2499 | D:3      | Found an ornate altar of the Wu Jian Council.
  2743 | D:4      | Noticed Natasha
  2749 | D:4      | Killed Natasha
  2763 | D:4      | Found a sand-covered staircase.
  2769 | D:4      | Noticed Natasha
  2774 | D:4      | Killed Natasha
  2775 | D:4      | Reached XP level 5. HP: 31/37 MP: 8/12
  2788 | Ossuary  | Entered an ossuary
  3053 | Ossuary  | Reached XP level 6. HP: 38/44 MP: 3/14
  3109 | Ossuary  | Reached skill level 5 in Dodging
  3576 | Ossuary  | Reached XP level 7. HP: 48/51 MP: 1/15
  3949 | Ossuary  | Reached skill level 5 in Stealth
  4684 | D:4      | Noticed Robin
  4761 | D:4      | Killed Robin
  4985 | D:4      | Reached XP level 8. HP: 58/58 MP: 16/16
  4997 | D:4      | Noticed Natasha
  5002 | D:4      | Killed Natasha
  5305 | D:5      | Entered Level 5 of the Dungeon
  5305 | D:5      | Noticed Edmund
  5603 | D:5      | Identified the ring "Kehutus" {Wiz rElec Str+4}
  5665 | D:5      | Noticed Ijyb
  5672 | D:5      | Killed Ijyb
  5771 | D:5      | Found a sacrificial altar of Ru.
  5811 | D:5      | Found a staircase to the Ecumenical Temple.
  5820 | Temple   | Entered the Ecumenical Temple
  5849 | Temple   | Became a worshipper of Ashenzari the Shackled
  6053 | D:5      | Killed Edmund
  6288 | D:5      | Found a hazy altar of Hepliaklqana.
  6465 | D:5      | Gained mutation: Your system is resistant to poisons.
                  | (rPois) [potion of mutation]
  6465 | D:5      | Gained mutation: You are resistant to electric shocks.
                  | (rElec) [potion of mutation]
  6465 | D:5      | Gained mutation: Your spells are a little harder to cast,
                  | but a little more powerful. [potion of mutation]
  6490 | D:6      | Reached XP level 9. HP: 62/64 MP: 8/18
  6845 | D:6      | Noticed a hornet
  6849 | D:6      | Killed a hornet
  6850 | D:6      | Reached skill level 5 in Invocations
  8145 | D:6      | Found a shimmering blue altar of Sif Muna.
  8269 | D:6      | Found a snail-covered altar of Cheibriados.
  8613 | D:7      | Noticed Dowan
  8614 | D:7      | Noticed Duvessa
  8619 | D:7      | Killed Duvessa
  8620 | D:7      | Reached skill level 5 in Fighting
  8620 | D:7      | Reached skill level 5 in Short Blades
  8620 | D:7      | Reached skill level 5 in Long Blades
  8620 | D:7      | Reached skill level 5 in Axes
  8620 | D:7      | Reached skill level 5 in Maces & Flails
  8620 | D:7      | Reached skill level 5 in Polearms
  8620 | D:7      | Reached skill level 5 in Staves
  8620 | D:7      | Reached skill level 5 in Ranged Weapons
  8620 | D:7      | Reached skill level 5 in Throwing
  8620 | D:7      | Reached skill level 5 in Armour
  8620 | D:7      | Reached skill level 5 in Shields
  8620 | D:7      | Reached skill level 5 in Unarmed Combat
  8620 | D:7      | Reached skill level 5 in Evocations
  8620 | D:7      | Reached XP level 10. HP: 74/74 MP: 11/21
  8634 | D:7      | Killed Dowan
  8921 | D:7      | Found Nucalu's Weapon Shop.
  9104 | D:7      | Reached * piety under Ashenzari
  9822 | D:6      | Learned a level 1 spell: Apportation
  9905 | D:8      | Reached skill level 5 in Conjurations
  9919 | D:8      | Reached skill level 5 in Shapeshifting
 10188 | D:8      | Noticed a centaur warrior
 10195 | D:8      | Killed a centaur warrior
 10647 | D:8      | Reached ** piety under Ashenzari
 11206 | D:9      | Identified the cursed +0 helmet "Shackled Together" {Cun,
                  | Sorc} (You took it off Robin on level 4 of the Dungeon)
 11206 | D:9      | Identified the cursed +1 pair of gloves of Apeoromancy
                  | {Dev, Self} (You found it on level 1 of the Dungeon)
 11206 | D:9      | Identified the cursed +3 leather armour of Desmomancy
                  | {Self, Fort} (You found it on level 2 of the Dungeon)
 11432 | D:9      | Reached skill level 5 in Hexes
 11432 | D:9      | Reached skill level 5 in Summonings
 11432 | D:9      | Reached skill level 5 in Necromancy
 11432 | D:9      | Reached skill level 5 in Translocations
 11432 | D:9      | Reached skill level 5 in Fire Magic
 11432 | D:9      | Reached skill level 5 in Ice Magic
 11432 | D:9      | Reached skill level 5 in Air Magic
 11432 | D:9      | Reached skill level 5 in Alchemy
 11432 | D:9      | Noticed a two-headed ogre
 11452 | D:9      | Reached XP level 11. HP: 55/86 MP: 1/24
 11887 | D:9      | Found a staircase to the Orcish Mines.
 12223 | D:9      | Noticed a two-headed ogre
 12231 | D:9      | Killed a two-headed ogre
 12418 | D:9      | Killed a two-headed ogre
 12530 | D:10     | Entered Level 10 of the Dungeon
 12534 | D:10     | Found Puaceipt's Antique Weapon Shoppe.
 12539 | D:10     | Bought a pitted broad axe for 252 gold pieces
 12539 | D:10     | Identified the +0 broad axe of Zyanuacs {heavy, +Blink
                  | Will- Int+3 Dex+3} (You bought it in a shop on level 10 of
                  | the Dungeon)
 12640 | D:10     | Found a roughly hewn altar of Beogh.
 12859 | D:10     | Found a basalt altar of Yredelemnul.
 12877 | D:10     | Reached *** piety under Ashenzari
 13370 | D:10     | Identified the +3 hat of Indecent Exposure {Int+3}
 13370 | D:10     | Identified the +1 hat of the Big Bang {Rampage Str-5 Int+4
                  | SInv}
 13370 | D:10     | Noticed a deep elf pyromancer
 13373 | D:10     | Killed a deep elf pyromancer
 13423 | D:10     | Noticed a deep elf pyromancer
 13426 | D:10     | Killed a deep elf pyromancer
 13467 | D:10     | Learned a level 2 spell: Blink
 13975 | D:10     | Noticed Snorg
 13985 | D:10     | Killed Snorg
 14096 | D:10     | Found a staircase to the Lair.
 14318 | Lair:1   | Entered Level 1 of the Lair of Beasts
 14329 | D:10     | Reached XP level 12. HP: 84/93 MP: 5/25
 15222 | Lair:1   | Learned a level 4 spell: Passage of Golubria
 15228 | Lair:1   | Learned a level 5 spell: Silence
 15232 | Lair:1   | Learned a level 3 spell: Swiftness
 15241 | Lair:1   | Learned a level 8 spell: Ignition
 16130 | Lair:2   | Noticed a five-headed hydra
 16139 | Lair:2   | Killed a five-headed hydra
 17089 | Lair:2   | Found an opulent altar of Gozag.
 17294 | Lair:3   | Noticed a six-headed hydra
 17303 | Lair:3   | Killed a six-headed hydra
 17550 | Lair:3   | Found a hole to the Spider Nest.
 17854 | Lair:3   | Noticed Rupert
 17967 | Lair:3   | Killed Rupert
 17968 | Lair:3   | Reached XP level 13. HP: 101/101 MP: 27/27
 18249 | Lair:3   | Found a staircase to the Shoals.
 18533 | Lair:3   | Learned a level 6 spell: Conjure Ball Lightning
 18766 | Orc:1    | Entered Level 1 of the Orcish Mines
 19248 | Lair:4   | Reached skill level 10 in Spellcasting
 20204 | Lair:4   | Found a staircase to the Slime Pits.
 20418 | Lair:4   | Reached skill level 10 in Dodging
 20690 | Lair:5   | Entered Level 5 of the Lair of Beasts
 21039 | Lair:5   | Reached skill level 10 in Stealth
 21154 | Lair:5   | Found a large runed translucent door.
 21154 | Lair:5   | Noticed a fire dragon
 21445 | Lair:5   | Reached XP level 14. HP: 74/111 MP: 1/29
 21487 | Lair:5   | Reached skill level 10 in Invocations
 21792 | Lair:5   | Found a large runed translucent door.
 22327 | Lair:5   | Learned a level 5 spell: Summon Forest
 23041 | Lair:5   | Identified the +1 robe of Creativity {Dex+2}
 23768 | Lair:1   | Learned a level 5 spell: Yara's Violent Unravelling
 23870 | Orc:1    | Found a transporter.
 23874 | Orc:1    | Upgraded the game from 0.32-a0-612-g1c984fe9d1 to
                  | 0.32-a0-616-g9348d4545b
 23937 | Orc:2    | Entered Level 2 of the Orcish Mines
 23937 | Orc:2    | Found a staircase to the Elven Halls.
 23948 | Orc:2    | Noticed an orc warlord
 24078 | Orc:2    | Killed an orc warlord
 24231 | Orc:2    | Noticed an orc warlord
 24368 | Orc:1    | Demolished by an orc warlord

Illustrated notes

Levels and vault maps discovered:
D:1:      dpeg_arrival_stonehenge_8_columns, layout_rooms, nicolae_eternal_life
D:2:      layout_basic, minmay_unequal
D:3:      layout_basic, pdpol_temple_overflow_zin_treasury_gozag_greed,
          lemuel_doored_altar, minitemple
D:4:      layout_rooms, nicolae_ossuary_entry_ruins, minmay_misc_feat_hallway,
          uniq_natasha, uniq_robin
D:5:      layout_rooms, nicolae_ru_the_path_less_chosen,
          nicolae_hepliaklqana_hippocampus, minmay_temple_entry_arrows,
          uniq_edmund, uniq_ijyb
D:6:      layout_layer_cave, lemuel_coloured_pillars_altar, slow_altar_2,
          kennysheep_path_1, nicolae_letterblocks [nicolae_letter_subblock,
          nicolae_letter_subblock, nicolae_letter_subblock,
          nicolae_letter_subblock, nicolae_letter_subblock,
          nicolae_letter_subblock, nicolae_letter_subblock,
          nicolae_letter_subblock, nicolae_letter_subblock,
          nicolae_letter_subblock, nicolae_letter_subblock,
          nicolae_letter_subblock, nicolae_letter_subblock,
          nicolae_letter_subblock, nicolae_letter_subblock,
          nicolae_letter_subblock, nicolae_letter_subblock,
          nicolae_letter_subblock, nicolae_letter_subblock,
          nicolae_letter_subblock, nicolae_letter_subblock,
          nicolae_letter_subblock, nicolae_letter_subblock,
          nicolae_letter_subblock, nicolae_letter_subblock]
D:7:      layout_basic, serial_shops, shop, grunt_ministairs_5, uniq_duvessa
D:8:      layout_loops_corners, minmay_small_thing
D:9:      layout_long_grid, erik_orc_4, chequers_arboretum
D:10:     layout_roguey [special_room_orc], mainiacjoe_overflow_six_doors_small,
          david_lair_shrubbed, serial_shops, nicolae_square_shop,
          hangedman_minor_magic, uniq_snorg
Temple:   grunt_temple_mini_profane
Lair:1:   layout_loops_ring, lemuel_fruit_tree
Lair:2:   layout_regular_city, basic_altar
Lair:3:   layout_misc_corridors, shoals_dummy_entry,
          hellmonk_spider_entry_life_and_decay, uniq_rupert
Lair:4:   layout_regular_city, minmay_slime_entry_oklob_enclosed
Lair:5:   cheibrodos_lair_end_hotspot, layout_regular_city,
          bobbens_dragon_lair_wall
Orc:1:    emtedronai_trogs_sanctum, layout_caves, serial_shops, shop_statue
Orc:2:    st_orc_town, layout_caves, serial_shops, shop, bh_open_orc_temple

Skill      XL: |  1  2  3  4  5  6  7  8  9 10 11 12 13 14 |
---------------+-------------------------------------------+-----
Conjurations   | 2 3 4 5 6 7 8 |  8.3
Spellcasting   | 5 6 7 8 9 10 | 10.8
Invocations    | 1 2 3 4 5 6 7 9 10 | 10.4
Fighting       | 1 2 3 5 6 7 8 9 |  9.5
Short Blades   | 1 2 3 5 6 7 8 9 |  9.5
Long Blades    | 1 2 3 5 6 7 8 9 |  9.5
Axes           | 1 2 3 5 6 7 8 9 |  9.5
Maces & Flails | 1 2 3 5 6 7 8 9 |  9.5
Polearms       | 1 2 3 5 6 7 8 9 |  9.5
Staves         | 1 2 3 5 6 7 8 9 |  9.5
Ranged Weapons | 1 2 3 5 6 7 8 9 |  9.5
Throwing       | 1 2 3 5 6 7 8 9 |  9.5
Armour         | 1 2 3 5 6 7 8 9 |  9.5
Shields        | 1 2 3 5 6 7 8 9 |  9.5
Unarmed Combat | 1 2 3 5 6 7 8 9 |  9.5
Evocations     | 1 2 3 5 6 7 8 9 |  9.5
Shapeshifting  | 1 2 3 4 5 6 7 8 |  8.7
Hexes          | 1 2 3 4 5 6 7 8 |  8.0
Summonings     | 1 2 3 4 5 6 7 8 |  8.0
Necromancy     | 1 2 3 4 5 6 7 8 |  8.0
Translocations | 1 2 3 4 5 6 7 8 |  8.0
Fire Magic     | 1 2 3 4 5 6 7 8 |  8.0
Ice Magic      | 1 2 3 4 5 6 7 8 |  8.0
Air Magic      | 1 2 3 4 5 6 7 8 |  8.0
Alchemy        | 1 2 3 4 5 6 7 8 |  8.0
Dodging        | 5 6 7 8 9 10 | 10.6
Stealth        | 5 6 7 8 9 10 | 10.4
Earth Magic    | 6 7 8 9 |  9.7

Action                     |  1- 3 |  4- 6 |  7- 9 | 10-12 | 13-15 || total
---------------------------+-------+-------+-------+-------+-------++-------
  Melee: Mace              |    17 |     2 |       |       |       ||    19
         Bite              |     2 |     5 |    11 |    56 |    16 ||    90
         Dagger            |       |    63 |    76 |    26 |       ||   165
         Rapier            |       |     2 |       |       |       ||     2
         Flail             |       |       |       |   280 |       ||   280
         Unarmed           |       |       |       |    37 |       ||    37
         Spear             |       |       |       |    11 |       ||    11
         Morningstar       |       |       |       |    42 |   106 ||   148
         Staff             |       |       |       |       |    48 ||    48
   Cast: Sandblast         |    47 |    49 |     1 |     6 |       ||   103
         Stone Arrow       |       |    25 |   127 |   266 |   190 ||   608
         Conjure Ball Ligh |       |       |       |       |    24 ||    24
         Summon Forest     |       |       |       |       |     2 ||     2
         Blink             |       |       |       |       |     1 ||     1
 Invoke: Curse Item        |       |       |     1 |     5 |     1 ||     7
         Shatter the Chain |       |       |       |     2 |       ||     2
  Evoke: Wand              |       |       |     4 |     6 |    16 ||    26
    Use: Scroll            |     5 |     5 |     2 |     4 |     2 ||    18
         Potion            |       |       |     3 |     5 |     4 ||    12
   Stab: Sleeping          |     2 |       |     2 |     1 |       ||     5
         Distracted        |       |       |     2 |       |       ||     2
 Armour: Robe              |    19 |       |       |       |       ||    19
         Leather armour    |     6 |    46 |    68 |   145 |       ||   265
         Skin              |       |       |       |    40 |       ||    40
         Acid dragon scale |       |       |       |   190 |   258 ||   448
  Dodge: Dodged            |    41 |    57 |    60 |   251 |   177 ||   586
  Block: Kite shield       |       |       |       |   225 |       ||   225
         Buckler           |       |       |       |    28 |    94 ||   122

Table legend: (Time is in decaauts)
 A = Elapsed time spent in this place.
 B = Non-inter-level travel time spent in this place.
 C = Inter-level travel time spent in this place.
 D = Time resting spent in this place.
 E = Time spent auto-exploring this place.
 F = Levels seen in this place.
 G = Mean time per level.
                   A        B        C        D        E       F      G
               +--------+--------+--------+--------+--------+-----+--------+
         Total |  24535 |  23248 |   1287 |    297 |  19528 |  19 | 1291.3 |
       Dungeon |  13057 |  12277 |    780 |     91 |  10366 |  10 | 1305.7 |
        Temple |     57 |     10 |     47 |      0 |      0 |   1 |   57.0 |
          Lair |   8961 |   8531 |    430 |     38 |   7270 |   5 | 1792.2 |
  Orcish Mines |    679 |    650 |     29 |    147 |    410 |   2 |  339.5 |
       Ossuary |   1779 |   1779 |      0 |     21 |   1482 |   1 | 1779.0 |
               +--------+--------+--------+--------+--------+-----+--------+

Top non-repeatable levels by time:
  Lair:5: 2712 daAuts
    D:10: 2028 daAuts
     D:6: 1780 daAuts
 Ossuary: 1779 daAuts
  Lair:1: 1744 daAuts
     D:9: 1692 daAuts
  Lair:3: 1688 daAuts
  Lair:4: 1655 daAuts
     D:8: 1520 daAuts
     D:7: 1200 daAuts
  Lair:2: 1162 daAuts
     D:5: 1154 daAuts
     D:2: 1019 daAuts
     D:3: 937 daAuts
     D:4: 906 daAuts
